 Dungeon Crawl Stone Soup version 0.23.1 (webtiles) character file.

Game seed: 1933216433271652427

213 Andrea the Magician (level 5, 0/28 HPs)
             Began as a Deep Elf Fire Elementalist on Mar 14, 2019.
             Slain by a black bear (5 damage)
             ... on level 3 of the Dungeon.
             The game lasted 00:05:24 (3133 turns).

Andrea the Magician (Deep Elf Fire Elementalist)    Turns: 3133, Time: 00:05:25

Health: 0/28       AC:  2    Str:  6    XL:     5   Next: 59%
Magic:  13/13      EV: 13    Int: 20    God:
Gold:   134        SH:  0    Dex: 15    Spells: 3/13 levels left

rFire    . . .     SeeInvis .   f - +0 dagger
rCold    . . .     Gourm    .   (no shield)
rNeg     . . .     Faith    .   a - +0 robe
rPois    .         Spirit   .   (no helmet)
rElec    .         Reflect  .   (no cloak)
rCorr    .         Harm     .   (no gloves)
MR       .....                  (no boots)
Stlth    ++........             (no amulet)
HPRegen  0.09/turn              (no ring)
MPRegen  0.13/turn              (no ring)

@: hasted, very quick
A: no striking features
a: no special abilities


You were on level 3 of the Dungeon.
You were hungry.

You visited 1 branch of the dungeon, and saw 4 of its levels.

You collected 134 gold pieces.

Inventory:

Hand Weapons
 f - a +0 dagger (weapon)
Armour
 a - a +0 robe (worn)
Scrolls
 b - 6 scrolls of identify {unknown}
 e - 3 scrolls of fog {unknown}
 i - 2 scrolls of enchant armour {unknown}
 l - a scroll of teleportation {unknown}
 m - a scroll of fear {unknown}
 n - a scroll of enchant weapon {unknown}
Potions
 d - 2 potions of agility {unknown}
 h - 2 potions of invisibility {unknown}
 j - a potion of mutation {unknown}
 k - a potion of curing {unknown}
Comestibles
 c - 9 rations


   Skills:
 - Level 2.4 Dodging
 - Level 2.4 Stealth
 + Level 4.6 Spellcasting
 * Level 4.4 Conjurations
 * Level 4.5 Fire Magic


You had 3 spell levels left.
You knew the following spells:

 Your Spells              Type           Power        Failure   Level  Hunger
a - Flame Tongue          Conj/Fire      ###..        1%          1    None
b - Throw Flame           Conj/Fire      ###...       3%          2    #......
c - Conjure Flame         Conj/Fire      ###.....     6%          3    ##.....
d - Sticky Flame          Conj/Fire      ###.....     19%         4    ####...

Your spell library contained the following spells:

 Spells                   Type           Power        Failure   Level  Hunger
 Inner Flame              Hex/Fire       ##......     14%         3    ##.....
 Fireball                 Conj/Fire      ###.......   47%         5    ######.


Dungeon Overview and Level Annotations

Branches:
Dungeon (4/15)
 Temple: D:4-7

Altars:
Elyvilon
Makhleb
Zin

Shops:
D:4 ?

Annotations:
D:3 exclusion: door


Message History

A gnoll comes into view. It is wielding a +0 spear.
A hound comes into view.
The black bear bites you. The black bear claws you. x2
The gnoll moves out of view.
There is a stone staircase leading up here.
The hound completely misses you. The black bear closely misses you.
The black bear claws you. x2
* * * LOW HITPOINT WARNING * * *
You climb upwards.
Level annotation: exclusion: door
There is a stone staircase leading down here.
You can't go up here!
Unknown command.
Okay, then.
Okay, then.
Okay, then.
It was a potion of haste.
You feel yourself speed up. The hound bites you.
* * * LOW HITPOINT WARNING * * *
The black bear bites you.
You die...

.......# .#8.8#.###############
.##.##...............#
......[#.......#####.#
#..............# #.#
#..............#####.#
#..(...<.......'...#.#
#####.##.......###.#.#
...............h@#.#.#
#.#####.##.....h.#.#.# ..###
#.##.......#.#.####### ..+.#
#..'.........#.#.....#
..#.###.##.......###....##.#
#.......................##.###
##...##..##############.##...#
......#..........# ####.##.#.##
.....♣##.#######.###..........#


You could see a black bear and a hound.

Vanquished Creatures
  An ogre (D:3)
  A gnoll (D:3)
  3 adders
  An ooze (D:3)
  2 worms
  2 dart slugs (D:1)
  4 leopard geckos
  7 orcs
  3 ball pythons
  2 bats (D:2)
  3 giant cockroaches
  4 goblins
  9 hobgoblins
  4 jackals (D:2)
  12 kobolds
  2 quokkas
  4 frilled lizards
  6 rats
70 creatures vanquished.

Notes
Turn   | Place    | Note
-------+----------+-------------------------------------------
     0 | D:1      | Andrea the Deep Elf Fire Elementalist began the quest for
                  | the Orb.
     0 | D:1      | Reached XP level 1. HP: 10/10 MP: 6/6
   137 | D:1      | Reached XP level 2. HP: 15/15 MP: 4/8
   296 | D:1      | Learned a level 2 spell: Throw Flame
   810 | D:2      | Reached XP level 3. HP: 19/19 MP: 6/10
   970 | D:2      | Found a white marble altar of Elyvilon.
  1153 | D:2      | Learned a level 3 spell: Conjure Flame
  1532 | D:3      | Reached XP level 4. HP: 21/24 MP: 4/11
  1542 | D:3      | Learned a level 4 spell: Sticky Flame
  1839 | D:3      | Noticed an ogre
  1987 | D:3      | Killed an ogre
  1987 | D:3      | Reached XP level 5. HP: 28/28 MP: 3/13
  2297 | D:3      | Found a burning altar of Makhleb.
  2358 | D:3      | Found a glowing silver altar of Zin.
  2772 | D:4      | Found Lohof's Magic Scroll Shop.
  3085 | D:4      | Noticed a black bear
  3133 | D:3      | Slain by a black bear

Skill      XL: |  1  2  3  4 |
---------------+-------------+-----
Conjurations   | 2 3 4 |  4.4
Fire Magic     | 4 |  4.5
Spellcasting   | 4 |  4.6
Dodging        | |  2.4
Stealth        | |  2.4

Action                   |  1- 3 |  4- 6 || total
-------------------------+-------+-------++-------
Melee: Dagger            |     1 |     1 ||     2
 Cast: Flame Tongue      |    75 |    30 ||   105
       Throw Flame       |       |    23 ||    23
       Conjure Flame     |       |     1 ||     1
  Use: Potion            |       |     1 ||     1
  Eat: Chunk             |     2 |     4 ||     6
Armor: Robe              |     1 |     1 ||     2
Dodge: Dodged            |    12 |    10 ||    22
